Workbook

Sheet питьевая вода
O1: Приложение № 4
O2: к концессионному соглашению
O3: №2096-па
O4: от 19.11.2025 года
C6: Объем и источники инвестиций, привлекаемых Концессионером в рамках реализации Соглашения
A8: Таблица 4.1. в сфере водоснабжения (питьевая вода)
A9: № п/п | B9: Источники финансирования | D9: 2026г, тыс. руб | E9: 2027г, тыс. руб | F9: 2028г, тыс. руб | G9: 2029г, тыс. руб | H9: 2030г, тыс. руб | I9: 2031г, тыс. руб | J9: 2032г, тыс. руб | K9: 2033г, тыс. руб | L9: 2034г, тыс. руб | M9: 2035г, тыс. руб | N9: 2036г, тыс. руб | O9: 2037г, тыс. руб | P9: 2038г, тыс. руб | Q9: 2039г, тыс. руб | R9: 2040г, тыс. руб | S9: 2041г, тыс. руб | T9: 2042г, тыс. руб | U9: 2043г, тыс. руб | V9: 2044г, тыс. руб | W9: 2045г, тыс. руб | X9: 2046г, тыс. руб | Y9: 2047г, тыс. руб | Z9: 2048г, тыс. руб | AA9: 2049г, тыс. руб | AB9: 2050г, тыс. руб | AC9: 2051г, тыс. руб | AD9: 2052г, тыс. руб | AE9: 2053г, тыс. руб | AF9: 2054г, тыс. руб | AG9: 2055, тыс. руб | AH9: 2056г, тыс. руб | AI9: 2057г, тыс. руб | AJ9: 2058г, тыс. руб | AK9: Итого
A10: 1 | B10: Собственные средства, в том числе | D10: =SUM(D11:D14) -> 17141.308 | E10: =SUM(E11:E14) -> 17781.221 | F10: =SUM(F11:F14) -> 18355.88 | G10: =SUM(G11:G14) -> 18950.252 | H10: =SUM(H11:H14) -> 19565.046 | I10: =SUM(I11:I14) -> 20200.999 | J10: =SUM(J11:J14) -> 20858.876 | K10: =SUM(K11:K14) -> 21539.468 | ... AK10: =SUM(AK11:AK14) -> 693463.1
A11: 1.1 | B11: амортизационные отчисления | AK11: =SUM(C11:AA11) -> 0
A12: 1.2 | B12: нормативная прибыль, направленная на инвестиции | D12: ='[1]Расчет прибыли'!D27 -> 17141.308 | E12: ='[1]Расчет прибыли'!E27 -> 17781.221 | F12: ='[1]Расчет прибыли'!F27 -> 18355.88 | G12: ='[1]Расчет прибыли'!G27 -> 18950.252 | H12: ='[1]Расчет прибыли'!H27 -> 19565.046 | I12: ='[1]Расчет прибыли'!I27 -> 20200.999 | J12: ='[1]Расчет прибыли'!J27 -> 20858.876 | K12: ='[1]Расчет прибыли'!K27 -> 21539.468 | ... AJ12: ='[1]Расчет прибыли'!AJ27 -> 49332.061 | AK12: =SUM(C12:AE12) -> 693463.1
A13: 1.3 | B13: средства полученные за счет платы за подключение (технологическое присоединение) | AK13: =SUM(C13:AJ13) -> 0
A14: 1.4 | B14: прочие собственные средства | AK14: =SUM(C14:AJ14) -> 0
A15: 2 | B15: Привлеченные средства, в том числе | D15: =SUM(D16:D18) -> 0 | E15: =SUM(E16:E18) -> 0 | F15: =SUM(F16:F18) -> 0 | G15: =SUM(G16:G18) -> 0 | H15: =SUM(H16:H18) -> 0 | I15: =SUM(I16:I18) -> 0 | J15: =SUM(J16:J18) -> 0 | K15: =SUM(K16:K18) -> 0 | ... AK15: =SUM(AK16:AK18) -> 0
A16: 2.1 | B16: кредиты | AK16: =SUM(C16:AJ16) -> 0
A17: 2.2 | B17: займы организаций | AK17: =SUM(C17:AJ17) -> 0
A18: 2.3 | B18: прочие привлеченные средства | AK18: =SUM(C18:AJ18) -> 0
A19: 3 | B19: Бюджетное финансирование, в том числе | D19: =SUM(D20:D22) -> 0 | E19: =SUM(E20:E22) -> 0 | F19: =SUM(F20:F22) -> 0 | G19: =SUM(G20:G22) -> 0 | H19: =SUM(H20:H22) -> 0 | I19: =SUM(I20:I22) -> 0 | J19: =SUM(J20:J22) -> 0 | K19: =SUM(K20:K22) -> 0 | ... AK19: =SUM(AK20:AK22) -> 0
A20: 3.1 | B20: федеральный бюджет | AK20: =SUM(C20:AJ20) -> 0
A21: 3.2 | B21: бюджет субъекта Российской Федерации | AK21: =SUM(C21:AJ21) -> 0
A22: 3.3 | B22: бюджет муниципального образования | AK22: =SUM(C22:AJ22) -> 0
A23: 4 | B23: Прочие источники финансирования
A24: 5 | B24: Налог на прибыль, 20% | D24: =D25 -> 3428.2617 | E24: =E25 -> 3556.2443 | F24: =F25 -> 3671.176 | G24: =G25 -> 3790.0503 | H24: =H25 -> 3913.0092 | I24: =I25 -> 4040.1998 | J24: =J25 -> 4171.7751 | K24: =K25 -> 4307.8936 | ... AJ24: =AJ25 -> 9866.4123 | AK24: =SUM(C24:AE24) -> 138692.62
A25: 5.1 | B25: налог на прибыль (с учетом разделения по источникам финансирования) | D25: =D12*20% -> 3428.2617 | E25: =E12*20% -> 3556.2443 | F25: =F12*20% -> 3671.176 | G25: =G12*20% -> 3790.0503 | H25: =H12*20% -> 3913.0092 | I25: =I12*20% -> 4040.1998 | J25: =J12*20% -> 4171.7751 | K25: =K12*20% -> 4307.8936 | ... AJ25: =AJ12*20% -> 9866.4123 | AK25: =SUM(C25:AE25) -> 138692.62
A26: 6 | B26: Итого без учета налога на прибыль | D26: =D10+D15+D19+D23 -> 17141.308 | E26: =E10+E15+E19+E23 -> 17781.221 | F26: =F10+F15+F19+F23 -> 18355.88 | G26: =G10+G15+G19+G23 -> 18950.252 | H26: =H10+H15+H19+H23 -> 19565.046 | I26: =I10+I15+I19+I23 -> 20200.999 | J26: =J10+J15+J19+J23 -> 20858.876 | K26: =K10+K15+K19+K23 -> 21539.468 | ... AJ26: =AJ10+AJ15+AJ19+AJ23 -> 49332.061 | AK26: =SUM(C26:AE26) -> 693463.1
A27: 7 | B27: Итого с учетом налога на прибыль | D27: =D10+D15+D19+D23+D24 -> 20569.57 | E27: =E10+E15+E19+E23+E24 -> 21337.466 | F27: =F10+F15+F19+F23+F24 -> 22027.056 | G27: =G10+G15+G19+G23+G24 -> 22740.302 | H27: =H10+H15+H19+H23+H24 -> 23478.055 | I27: =I10+I15+I19+I23+I24 -> 24241.199 | J27: =J10+J15+J19+J23+J24 -> 25030.651 | K27: =K10+K15+K19+K23+K24 -> 25847.361 | ... AJ27: =AJ10+AJ15+AJ19+AJ23+AJ24 -> 59198.474 | AK27: =SUM(C27:AE27) -> 832155.72
H29: Подписи сторон:
C31: Концедент | G31: Концессионер | K31: Субъект РФ
C33: Муниципальное образование | G33: Общество с ограниченной | K33: Губернатор Иркутской области
C34: "Город Усолье-Сибирское" | G34: ответственностью "АкваСервис"
C36: _____________ М.В. Торопкин | G36: _____________Е.С. Кустос | K36: _____________ И.И. Кобзев
B39: =B34+B31 -> 0
I41: питьевая | K41: =AK26 -> 693463.1
I42: техническая | K42: ='техническая вода'!AK26 -> 110427.25
I43: водоотведение | K43: =водоотведение!AK26 -> 719494.87
K45: =SUM(K41:K44) -> 1523385.2
K46: =K45*1.2 -> 1828062.3

Sheet техническая вода
C6: Объем и источники инвестиций, привлекаемых Концессионерм в рамках реализации Соглашения
A8: Таблица 4.2. в сфере водоснабжения (техническая вода)
A9: № п/п | B9: Источники финансирования | D9: 2026г, тыс. руб | E9: 2027г, тыс. руб | F9: 2028г, тыс. руб | G9: 2029г, тыс. руб | H9: 2030г, тыс. руб | I9: 2031г, тыс. руб | J9: 2032г, тыс. руб | K9: 2033г, тыс. руб | L9: 2034г, тыс. руб | M9: 2035г, тыс. руб | N9: 2036г, тыс. руб | O9: 2037г, тыс. руб | P9: 2038г, тыс. руб | Q9: 2039г, тыс. руб | R9: 2040г, тыс. руб | S9: 2041г, тыс. руб | T9: 2042г, тыс. руб | U9: 2043г, тыс. руб | V9: 2044г, тыс. руб | W9: 2045г, тыс. руб | X9: 2046г, тыс. руб | Y9: 2047г, тыс. руб | Z9: 2048г, тыс. руб | AA9: 2049г, тыс. руб | AB9: 2050г, тыс. руб | AC9: 2051г, тыс. руб | AD9: 2052г, тыс. руб | AE9: 2053г, тыс. руб | AF9: 2054г, тыс. руб | AG9: 2055, тыс. руб | AH9: 2056г, тыс. руб | AI9: 2057г, тыс. руб | AJ9: 2058г, тыс. руб | AK9: Итого
A10: 1 | B10: Собственные средства, в том числе | D10: =SUM(D11:D14) -> 2638.8175 | E10: =SUM(E11:E14) -> 2750.0618 | F10: =SUM(F11:F14) -> 2843.4786 | G10: =SUM(G11:G14) -> 2940.3856 | H10: =SUM(H11:H14) -> 3040.9187 | I10: =SUM(I11:I14) -> 3145.2211 | J10: =SUM(J11:J14) -> 3253.4397 | K10: =SUM(K11:K14) -> 3365.7293 | ... AK10: =SUM(AK11:AK14) -> 110427.25
A11: 1.1 | B11: амортизационные отчисления | AF11: =AE11*104% -> 0 | AG11: =AF11*104% -> 0 | AH11: =AG11*104% -> 0 | AI11: =AH11*104% -> 0 | AJ11: =AI11*104% -> 0 | AK11: =SUM(C11:AA11) -> 0
A12: 1.2 | B12: нормативная прибыль, направленная на инвестиции | D12: ='[1]Расчет прибыли'!D57 -> 2638.8175 | E12: ='[1]Расчет прибыли'!E57 -> 2750.0618 | F12: ='[1]Расчет прибыли'!F57 -> 2843.4786 | G12: ='[1]Расчет прибыли'!G57 -> 2940.3856 | H12: ='[1]Расчет прибыли'!H57 -> 3040.9187 | I12: ='[1]Расчет прибыли'!I57 -> 3145.2211 | J12: ='[1]Расчет прибыли'!J57 -> 3253.4397 | K12: ='[1]Расчет прибыли'!K57 -> 3365.7293 | ... AJ12: ='[1]Расчет прибыли'!AJ57 -> 7999.3931 | AK12: =SUM(C12:AE12) -> 110427.25
A13: 1.3 | B13: средства полученные за счет платы за подключение (технологическое присоединение) | AK13: =SUM(C13:AJ13) -> 0
A14: 1.4 | B14: прочие собственные средства | AK14: =SUM(C14:AJ14) -> 0
A15: 2 | B15: Привлеченные средства, в том числе | D15: =SUM(D16:D18) -> 0 | E15: =SUM(E16:E18) -> 0 | F15: =SUM(F16:F18) -> 0 | G15: =SUM(G16:G18) -> 0 | H15: =SUM(H16:H18) -> 0 | I15: =SUM(I16:I18) -> 0 | J15: =SUM(J16:J18) -> 0 | K15: =SUM(K16:K18) -> 0 | ... AK15: =SUM(AK16:AK18) -> 0
A16: 2.1 | B16: кредиты | AK16: =SUM(C16:AJ16) -> 0
A17: 2.2 | B17: займы организаций | AK17: =SUM(C17:AJ17) -> 0
A18: 2.3 | B18: прочие привлеченные средства | AK18: =SUM(C18:AJ18) -> 0
A19: 3 | B19: Бюджетное финансирование, в том числе | D19: =SUM(D20:D22) -> 0 | E19: =SUM(E20:E22) -> 0 | F19: =SUM(F20:F22) -> 0 | G19: =SUM(G20:G22) -> 0 | H19: =SUM(H20:H22) -> 0 | I19: =SUM(I20:I22) -> 0 | J19: =SUM(J20:J22) -> 0 | K19: =SUM(K20:K22) -> 0 | ... AK19: =SUM(AK20:AK22) -> 0
A20: 3.1 | B20: федеральный бюджет | AK20: =SUM(C20:AJ20) -> 0
A21: 3.2 | B21: бюджет субъекта Российской Федерации | AK21: =SUM(C21:AJ21) -> 0
A22: 3.3 | B22: бюджет муниципального образования | AK22: =SUM(C22:AJ22) -> 0
A23: 4 | B23: Прочие источники финансирования
A24: 5 | B24: Налог на прибыль, 20% | D24: =D25 -> 527.7635 | E24: =E25 -> 550.01236 | F24: =F25 -> 568.69571 | G24: =G25 -> 588.07712 | H24: =H25 -> 608.18374 | I24: =I25 -> 629.04422 | J24: =J25 -> 650.68795 | K24: =K25 -> 673.14585 | ... AJ24: =AJ25 -> 1599.8786 | AK24: =SUM(C24:AE24) -> 22085.45
A25: 5.1 | B25: налог на прибыль (с учетом разделения по источникам финансирования) | D25: =D12*20% -> 527.7635 | E25: =E12*20% -> 550.01236 | F25: =F12*20% -> 568.69571 | G25: =G12*20% -> 588.07712 | H25: =H12*20% -> 608.18374 | I25: =I12*20% -> 629.04422 | J25: =J12*20% -> 650.68795 | K25: =K12*20% -> 673.14585 | ... AJ25: =AJ12*20% -> 1599.8786 | AK25: =SUM(C25:AE25) -> 22085.45
A26: 6 | B26: Итого без учета налога на прибыль | D26: =D10+D15+D19+D23 -> 2638.8175 | E26: =E10+E15+E19+E23 -> 2750.0618 | F26: =F10+F15+F19+F23 -> 2843.4786 | G26: =G10+G15+G19+G23 -> 2940.3856 | H26: =H10+H15+H19+H23 -> 3040.9187 | I26: =I10+I15+I19+I23 -> 3145.2211 | J26: =J10+J15+J19+J23 -> 3253.4397 | K26: =K10+K15+K19+K23 -> 3365.7293 | ... AJ26: =AJ10+AJ15+AJ19+AJ23 -> 7999.3931 | AK26: =SUM(C26:AE26) -> 110427.25
A27: 7 | B27: Итого с учетом налога на прибыль | D27: =D10+D15+D19+D23+D24 -> 3166.581 | E27: =E10+E15+E19+E23+E24 -> 3300.0742 | F27: =F10+F15+F19+F23+F24 -> 3412.1743 | G27: =G10+G15+G19+G23+G24 -> 3528.4627 | H27: =H10+H15+H19+H23+H24 -> 3649.1024 | I27: =I10+I15+I19+I23+I24 -> 3774.2653 | J27: =J10+J15+J19+J23+J24 -> 3904.1277 | K27: =K10+K15+K19+K23+K24 -> 4038.8751 | ... AJ27: =AJ10+AJ15+AJ19+AJ23+AJ24 -> 9599.2717 | AK27: =SUM(C27:AE27) -> 132512.7
H29: Подписи сторон:
C31: Концедент | G31: Концессионер | K31: Субъект РФ
C33: Муниципальное образование | G33: Общество с ограниченной | K33: Губернатор Иркутской области
C34: "Город Усолье-Сибирское" | G34: ответственностью "АкваСервис"
C36: _____________ М.В. Торопкин | G36: _____________Е.С. Кустос | K36: _____________ И.И. Кобзев
B39: =B34+B31 -> 0

Sheet водоотведение
D6: Объем и источники инвестиций, привлекаемых Концессионером в рамках реализации Соглашения
A8: Таблица 4.3. в сфере водоотведения
A9: № п/п | B9: Источники финансирования | D9: 2026г, тыс. руб | E9: 2027г, тыс. руб | F9: 2028г, тыс. руб | G9: 2029г, тыс. руб | H9: 2030г, тыс. руб | I9: 2031г, тыс. руб | J9: 2032г, тыс. руб | K9: 2033г, тыс. руб | L9: 2034г, тыс. руб | M9: 2035г, тыс. руб | N9: 2036г, тыс. руб | O9: 2037г, тыс. руб | P9: 2038г, тыс. руб | Q9: 2039г, тыс. руб | R9: 2040г, тыс. руб | S9: 2041г, тыс. руб | T9: 2042г, тыс. руб | U9: 2043г, тыс. руб | V9: 2044г, тыс. руб | W9: 2045г, тыс. руб | X9: 2046г, тыс. руб | Y9: 2047г, тыс. руб | Z9: 2048г, тыс. руб | AA9: 2049г, тыс. руб | AB9: 2050г, тыс. руб | AC9: 2051г, тыс. руб | AD9: 2052г, тыс. руб | AE9: 2053г, тыс. руб | AF9: 2054г, тыс. руб | AG9: 2055, тыс. руб | AH9: 2056г, тыс. руб | AI9: 2057г, тыс. руб | AJ9: 2058г, тыс. руб | AK9: Итого
A10: 1 | B10: Собственные средства, в том числе | D10: =SUM(D11:D14) -> 18506.195 | E10: =SUM(E11:E14) -> 19210.334 | F10: =SUM(F11:F14) -> 19829.569 | G10: =SUM(G11:G14) -> 20470.209 | H10: =SUM(H11:H14) -> 21133.031 | I10: =SUM(I11:I14) -> 21818.842 | J10: =SUM(J11:J14) -> 22528.48 | K10: =SUM(K11:K14) -> 23262.814 | ... AK10: =SUM(AK11:AK14) -> 719494.87
A11: 1.1 | B11: амортизационные отчисления | AK11: =SUM(C11:AA11) -> 0
A12: 1.2 | B12: нормативная прибыль, направленная на инвестиции | D12: =[1]Водоотв!N83 -> 18506.195 | E12: =[1]Водоотв!O83 -> 19210.334 | F12: =[1]Водоотв!P83 -> 19829.569 | G12: =[1]Водоотв!Q83 -> 20470.209 | H12: =[1]Водоотв!R83 -> 21133.031 | I12: =[1]Водоотв!S83 -> 21818.842 | J12: =[1]Водоотв!T83 -> 22528.48 | K12: =[1]Водоотв!U83 -> 23262.814 | ... AE12: =[1]Водоотв!AO83 -> 0 | AF12: =[1]Водоотв!AP133 -> 0 | AG12: =[1]Водоотв!AQ133 -> 0 | AH12: =[1]Водоотв!AR133 -> 0 | AI12: =[1]Водоотв!AS133 -> 0 | AJ12: =[1]Водоотв!AT133 -> 0 | AK12: =SUM(D12:AE12) -> 719494.87
A13: 1.3 | B13: средства полученные за счет платы за подключение (технологическое присоединение) | AK13: =SUM(C13:AJ13) -> 0
A14: 1.4 | B14: прочие собственные средства | AK14: =SUM(C14:AJ14) -> 0
A15: 2 | B15: Привлеченные средства, в том числе | D15: =SUM(D16:D18) -> 0 | E15: =SUM(E16:E18) -> 0 | F15: =SUM(F16:F18) -> 0 | G15: =SUM(G16:G18) -> 0 | H15: =SUM(H16:H18) -> 0 | I15: =SUM(I16:I18) -> 0 | J15: =SUM(J16:J18) -> 0 | K15: =SUM(K16:K18) -> 0 | ... AK15: =SUM(AK16:AK18) -> 0
A16: 2.1 | B16: кредиты | AK16: =SUM(C16:AJ16) -> 0
A17: 2.2 | B17: займы организаций | AK17: =SUM(C17:AJ17) -> 0
A18: 2.3 | B18: прочие привлеченные средства | AK18: =SUM(C18:AJ18) -> 0
A19: 3 | B19: Бюджетное финансирование, в том числе | D19: =SUM(D20:D22) -> 0 | E19: =SUM(E20:E22) -> 0 | F19: =SUM(F20:F22) -> 0 | G19: =SUM(G20:G22) -> 0 | H19: =SUM(H20:H22) -> 0 | I19: =SUM(I20:I22) -> 0 | J19: =SUM(J20:J22) -> 0 | K19: =SUM(K20:K22) -> 0 | ... AK19: =SUM(AK20:AK22) -> 0
A20: 3.1 | B20: федеральный бюджет | AK20: =SUM(C20:AJ20) -> 0
A21: 3.2 | B21: бюджет субъекта Российской Федерации | AK21: =SUM(C21:AJ21) -> 0
A22: 3.3 | B22: бюджет муниципального образования | AK22: =SUM(C22:AJ22) -> 0
A23: 4 | B23: Прочие источники финансирования
A24: 5 | B24: Налог на прибыль, 20% | D24: =D25 -> 3701.239 | E24: =E25 -> 3842.0668 | F24: =F25 -> 3965.9138 | G24: =G25 -> 4094.0418 | H24: =H25 -> 4226.6062 | I24: =I25 -> 4363.7685 | J24: =J25 -> 4505.6959 | K24: =K25 -> 4652.5628 | ... AJ24: =AJ25 -> 0 | AK24: =SUM(C24:AE24) -> 143898.97
A25: 5.1 | B25: налог на прибыль (с учетом разделения по источникам финансирования) | D25: =D12*20% -> 3701.239 | E25: =E12*20% -> 3842.0668 | F25: =F12*20% -> 3965.9138 | G25: =G12*20% -> 4094.0418 | H25: =H12*20% -> 4226.6062 | I25: =I12*20% -> 4363.7685 | J25: =J12*20% -> 4505.6959 | K25: =K12*20% -> 4652.5628 | ... AJ25: =AJ12*20% -> 0 | AK25: =SUM(C25:AE25) -> 143898.97
A26: 6 | B26: Итого без учета налога на прибыль | D26: =D10+D15+D19+D23 -> 18506.195 | E26: =E10+E15+E19+E23 -> 19210.334 | F26: =F10+F15+F19+F23 -> 19829.569 | G26: =G10+G15+G19+G23 -> 20470.209 | H26: =H10+H15+H19+H23 -> 21133.031 | I26: =I10+I15+I19+I23 -> 21818.842 | J26: =J10+J15+J19+J23 -> 22528.48 | K26: =K10+K15+K19+K23 -> 23262.814 | ... AJ26: =AJ10+AJ15+AJ19+AJ23 -> 0 | AK26: =SUM(C26:AE26) -> 719494.87
A27: 7 | B27: Итого с учетом налога на прибыль | D27: =D10+D15+D19+D23+D24 -> 22207.434 | E27: =E10+E15+E19+E23+E24 -> 23052.401 | F27: =F10+F15+F19+F23+F24 -> 23795.483 | G27: =G10+G15+G19+G23+G24 -> 24564.251 | H27: =H10+H15+H19+H23+H24 -> 25359.637 | I27: =I10+I15+I19+I23+I24 -> 26182.611 | J27: =J10+J15+J19+J23+J24 -> 27034.176 | K27: =K10+K15+K19+K23+K24 -> 27915.377 | ... AJ27: =AJ10+AJ15+AJ19+AJ23+AJ24 -> 0 | AK27: =SUM(C27:AE27) -> 863393.84
H29: Подписи сторон:
C31: Концедент | G31: Концессионер | K31: Субъект РФ
C33: Муниципальное образование | G33: Общество с ограниченной | K33: Губернатор Иркутской области
C34: "Город Усолье-Сибирское" | G34: ответственностью "АкваСервис"
C36: ______________ М.В. Торопкин | G36: _____________Е.С. Кустос | K36: _____________ И.И. Кобзев
B39: =C34+C31 -> #VALUE!
